 Dungeon Crawl Stone Soup version 0.18-a0-1140-g8540535 (webtiles) character file.

10626 namelastname112 the Grappler (level 11, -1/88 HPs)
             Began as a Red Draconian Abyssal Knight on Jan 22, 2016.
             Was a High Priest of Lugonu.
             Shot with a poisoned arrow by a centaur (10 damage)
             ... on level 11 of the Dungeon.
             The game lasted 00:30:18 (15658 turns).

namelastname112 the Grappler (DrAK)                Turns: 15658, Time: 00:30:18

Health: -1/88      AC:  9    Str: 15    XL:     11   Next: 38%
Magic:  15/19      EV: 14    Int: 15    God:    Lugonu [*****.]
Gold:   492        SH:  0    Dex: 14    Spells: 0 memorised, 10 levels left

rFire  + + .     SeeInvis .       - Unarmed
rCold  + . .     Gourm    .     (armour unavailable)
rNeg   . . .     Faith    .     (no shield)
rPois  .         Spirit   .     (helmet restricted)
rElec  .         Dismiss  +     h - +0 cloak
rCorr  .         Reflect  .     p - +0 pair of gloves
SustAt .         Harm     .     (no boots)
MR     ++...     Rnd*Rage +     y - amulet of dismissal
Stlth  +.........               i - ring of the Mage {Wiz MR++ Int+3}
                                d - ring of protection from fire

@: lethally poisoned (-1 -> -7), short of breath, very resistant to hostile
enchantments, very unstealthy
A: breathe fire, unfitting armour, talons 1, berserk 1, cold resistance 1, fire
resistance 1, screaming 2, cold-blooded, AC +7
a: Breathe Fire, Depart the Abyss, Bend Space, Banish, Corrupt, Enter the Abyss,
Renounce Religion


You were on level 11 of the Dungeon.
You worshipped Lugonu.
Lugonu was extremely pleased with you.
You were very hungry.

You visited 1 branch of the dungeon, and saw 11 of its levels.
You visited the Abyss 1 time.
You also visited: Sewer.

You collected 519 gold pieces.
You spent 27 gold pieces at shops.

Inventory:

Hand Weapons
 a - a +1 hand axe
Missiles
 l - 5 javelins
 u - 4 silver javelins
 D - 2 poisoned javelins (quivered)
Armour
 h - a +0 cloak (worn)
 p - a +0 pair of gloves (worn)
Jewellery
 d - a ring of protection from fire (left hand)
 i - the ring of the Mage (right hand) {Wiz MR++ Int+3}
   (You found it on level 5 of the Dungeon)

   [ring of wizardry]

   It improves your spell success rate.
   It affects your intelligence (+3).
   It affects your resistance to hostile enchantments.
 s - an uncursed amulet of the gourmand {unknown}
 y - an amulet of dismissal (around neck)
 C - an uncursed ring of sustain attributes
Wands
 H - a wand of magic darts (15/48)
 M - a wand of random effects (21/48)
Scrolls
 e - a scroll of fear
 j - 2 scrolls of enchant armour
 k - 2 scrolls of magic mapping
 m - 2 scrolls of remove curse {unknown}
 o - 5 scrolls of teleportation {unknown}
 v - a scroll of recharging {unknown}
 x - 6 scrolls of identify
 B - 2 scrolls of enchant weapon {unknown}
 E - a scroll of blinking {unknown}
 F - a scroll of fog {unknown}
 G - a scroll of summoning {unknown}
 J - a scroll of torment {unknown}
Potions
 c - 2 potions of magic {unknown}
 n - 3 potions of haste
 r - 6 potions of might
 t - a potion of resistance
 A - a potion of agility
 I - a potion of poison {unknown}
 N - a potion of flight {unknown}
Books
 q - a book of Summonings

   Spells                             Type                      Level
   a - Recall                         Summoning/Translocation      3
   b - Aura of Abjuration             Summoning                    5
   c - Summon Demon                   Summoning                    5
   d - Summon Forest                  Summoning/Translocation      5
   e - Summon Mana Viper              Hexes/Summoning              5
   f - Shadow Creatures               Summoning                    6
 K - a Grand Grimoire

   Spells                             Type                      Level
   a - Monstrous Menagerie            Summoning                    7
   b - Summon Greater Demon           Summoning                    7
   c - Malign Gateway                 Summoning/Translocation      7
   d - Summon Horrible Things         Summoning                    8
 L - a book of Transfigurations

   Spells                             Type                      Level
   a - Stoneskin                      Transmutation/Earth          2
   b - Irradiate                      Conjuration/Transmutation    5
   c - Statue Form                    Transmutation/Earth          6
   d - Hydra Form                     Transmutation                6
   e - Dragon Form                    Transmutation                7
Comestibles
 b - 8 bread rations
 f - 2 meat rations
 g - 6 royal jellies
 w - a beef jerky
 z - 3 fruits


   Skills:
 + Level 5.3 Fighting
 - Level 3.7 Axes
 + Level 4.0 Dodging
 + Level 13.0 Unarmed Combat
 + Level 11.4 Invocations


You had 10 spell levels left.
You didn't know any spells.

Dungeon Overview and Level Annotations

Branches:
Dungeon (11/15)            Temple (0/1) D:4
   Lair: D:8-11         Orc: D:9-12

Altars:
Cheibriados
Dithmenos
Elyvilon
Gozag
Kikubaaqudgha
Makhleb
Nemelex Xobeh
Okawaru
Pakellas
Qazlal
Ru
Sif Muna
Trog

Shops:
D:5 :   D:8 *   D:11 [

Annotations:
D:4 exclusion: door
Abyss:1 Snorg


Innate Abilities, Weirdness & Mutations

You can breathe blasts of fire.
Your fiery red scales are hard (AC +7).
Your body does not fit into most forms of armour.
Your flesh is heat resistant.
You are cold-blooded and may be slowed by cold attacks.
You have sharp toenails.
You tend to lose your temper in combat.
Your flesh is cold resistant.
You sometimes yell uncontrollably at your foes.


Message History

You are feeling very hungry.
You feel sick.
Press: ? - help, Shift-Dir - straight line, f - orc priest
Aim: an orc priest, wielding a club and wearing a leather armour (chance to defeat MR: 87%)
Okay, then.
You can't do that yet.
Drink which item? (? for menu, Esc to quit)
Okay, then.
Read which item? (? for menu, Esc to quit)
As you read the scroll of fear, it crumbles to dust.
You assume a fearsome visage.
The centaur looks frightened!
The orc looks frightened!
The orc warrior looks frightened!
The orc priest looks frightened!
The orc looks frightened!
You feel sick.
The orc gibbers meaninglessly.
Unknown command.
You feel sick.
The centaur looks petrified.
You feel sick.
The centaur shoots a poisoned arrow.
The poisoned arrow hits you!
You die...

#...P.#. .#.....##.#..# #.#
#...........###.##.#..# #.#
###.P...##.##. #.##.#..# #.#
........## #.###....#..# #.#
.....(.###c##......###.(####.####
...P................((.)(........
P.Pc...## ##.#.##)####†#########
...(#§..# #...##.####(# .#§(#...#
##..@.....(.# ...(#>§.####
#§.##.###### ##.<(......# #.§##.#
#....c....# #..##.# #.......(.#
#o.##.# ##.#...#(####.o##.#
#.#...#.(..o.o...#
#.............####
####.#######.## #####


You could see an orc warrior (fleeing), a centaur, an orc priest (fleeing) and 2
orcs.

Vanquished Creatures
  A hill giant (D:10)
  A deep elf mage (D:9)
  A centaur zombie (D:7)
  A troll (D:10)
  A queen bee (D:10)
  A vampire (D:10)
  13 yaks
  2 water moccasins
  An ice beast (D:8)
  An orc warrior (D:11)
  3 sky beasts
  A black bear (D:10)
  4 ogres
  7 centaurs
  2 crocodiles (D:11)
  2 big kobolds
  7 giant frogs
  A scorpion (D:10)
  26 killer bees
  10 wights
  5 crimson imps
  A jelly (D:7)
  A giant frog zombie (D:9)
  A quasit (D:10)
  4 centaur skeletons
  5 hounds
  3 orc priests
  A giant frog skeleton (D:7)
  Jessica (D:3)
  A gnoll shaman (D:7)
  5 iguanas
  6 orc wizards
  7 worker ants
  A killer bee zombie (D:6)
  A hound zombie (D:5)
  A hound skeleton (D:4)
  3 worker ant zombies
  20 adders
  11 gnolls
  A river rat (D:11)
  4 shadow imps
  2 adder skeletons (D:10)
  A worm (D:2)
  6 giant geckos
  29 orcs
  21 bats
  9 giant cockroaches
  9 goblins
  9 hobgoblins
  8 jackals
  6 quokkas
  5 ball pythons
  A giant gecko skeleton (D:9)
  9 giant newts
  A jackal zombie (D:6)
  15 kobolds
  2 quokka skeletons
  20 rats
322 creatures vanquished.

Vanquished Creatures (others)
  A wraith (D:11)
  A hippogriff (D:11)
  A centaur (D:10)
  An iguana (D:3)
  19 fungi (D:11)
  16 plants (D:11)
39 creatures vanquished.

Grand Total: 361 creatures vanquished

Notes
Turn   | Place    | Note
--------------------------------------------------------------
     0 | Abyss:1  | namelastname112 the Draconian Abyssal Knight began the quest for the Orb.
     0 | Abyss:1  | Reached XP level 1. HP: 19/19 MP: 2/2
     8 | Abyss:1  | Found a corrupted altar of Lugonu.
    20 | D:1      | Escaped the Abyss
   265 | D:1      | Reached XP level 2. HP: 24/26 MP: 3/3
   493 | D:1      | Reached ** piety under Lugonu
   743 | D:2      | Reached XP level 3. HP: 22/31 MP: 5/5
  1643 | D:2      | Reached XP level 4. HP: 33/40 MP: 6/6
  1908 | D:2      | Found a faded altar to an unknown god.
  2140 | D:3      | Found a shadowy altar of Dithmenos.
  2363 | D:3      | Noticed Jessica
  2373 | D:3      | Killed Jessica
  2373 | D:3      | Reached *** piety under Lugonu
  2489 | D:3      | Reached XP level 5. HP: 46/46 MP: 7/7
  2798 | D:3      | Reached skill level 4 in Fighting
  3531 | D:4      | Found a bloodstained altar of Trog.
  3687 | D:4      | Found a staircase to the Ecumenical Temple.
  3708 | D:4      | Reached XP level 6. HP: 24/53 MP: 9/9
  4295 | D:4      | Found a snail-covered altar of Cheibriados.
  4297 | D:4      | Found an iron altar of Okawaru.
  4300 | D:4      | Found a burning altar of Makhleb.
  4301 | D:4      | Found a white marble altar of Elyvilon.
  4372 | D:4      | Found a deep blue altar of Sif Muna.
  4463 | D:4      | Found a sacrificial altar of Ru.
  4610 | D:5      | Entered Level 5 of the Dungeon
  4623 | D:5      | Noticed a sky beast
  4739 | D:5      | Found Sokhouca's Book Shoppe.
  5133 | D:4      | Reached skill level 1 in Unarmed Combat
  5440 | D:5      | Reached skill level 5 in Invocations
  5460 | D:5      | Killed a sky beast
  5460 | D:5      | Reached **** piety under Lugonu
  5460 | D:5      | Reached XP level 7. HP: 43/60 MP: 9/11
  5460 | D:5      | Your scales start taking on a fiery red colour.
  5460 | D:5      | Gained mutation: Your flesh is heat resistant. [Red Draconian growth]
  5744 | D:5      | Found an ancient bone altar of Kikubaaqudgha.
  6014 | D:6      | Reached skill level 6 in Invocations
  6190 | D:6      | Found a glowing drain.
  6199 | Sewer    | Entered a sewer
  7300 | D:6      | Found an opulent altar of Gozag.
  7301 | D:6      | Found a sparkling altar of Nemelex Xobeh.
  7371 | D:6      | Found a stormy altar of Qazlal.
  7384 | D:6      | Reached XP level 8. HP: 44/67 MP: 12/12
  7593 | D:7      | Reached skill level 5 in Unarmed Combat
  7722 | D:7      | Reached ***** piety under Lugonu
  7992 | D:7      | Reached skill level 7 in Invocations
  9088 | D:8      | Reached XP level 9. HP: 62/72 MP: 14/14
  9110 | D:8      | Reached skill level 8 in Unarmed Combat
  9361 | D:8      | Found Neuckeb's General Store.
  9407 | D:8      | Bought a potion of mutation for 27 gold pieces
  9407 | D:8      | Gained mutation: You are frail (-10% HP). [potion of mutation]
  9407 | D:8      | Gained mutation: You are agile. (Dex +2) [potion of mutation]
  9407 | D:8      | Gained mutation: Your body sometimes deteriorates upon taking damage. [potion of mutation]
  9408 | D:8      | Lost mutation: You are frail (-10% HP). [potion of mutation]
  9408 | D:8      | Gained mutation: You have sharp toenails. [potion of mutation]
  9408 | D:8      | Gained mutation: You occasionally shout uncontrollably at your foes. [potion of mutation]
  9762 | D:9      | Noticed a deep elf mage
  9777 | D:9      | Killed a deep elf mage
  9777 | D:9      | Reached skill level 9 in Unarmed Combat
 10219 | D:9      | Reached skill level 10 in Unarmed Combat
 10516 | D:9      | Found an oddly glowing altar of Pakellas.
 10803 | D:9      | Found a shadowy altar of Dithmenos.
 10860 | D:10     | Entered Level 10 of the Dungeon
 11016 | D:10     | Reached XP level 10. HP: 71/80 MP: 17/17
 11490 | D:10     | Reached skill level 11 in Unarmed Combat
 11763 | D:10     | Reached skill level 10 in Invocations
 12907 | D:10     | Noticed a hill giant
 13508 | D:10     | Reached skill level 12 in Unarmed Combat
 13801 | D:10     | Lost mutation: Your body sometimes deteriorates upon taking damage. [mutagenic meat]
 13803 | D:10     | Gained mutation: Your flesh is cold resistant. [mutagenic meat]
 13804 | D:10     | Gained mutation: You sometimes yell uncontrollably at your foes. [mutagenic meat]
 13805 | D:10     | Gained mutation: You tend to lose your temper in combat. [mutagenic meat]
 13806 | D:10     | Lost mutation: You are agile. (Dex +2) [mutagenic meat]
 13884 | D:11     | Noticed Snorg
 13946 | D:11     | Banished Snorg
 14110 | D:10     | Killed a hill giant
 14110 | D:10     | Reached XP level 11. HP: 22/85 MP: 17/19
 14843 | D:11     | Noticed a red ugly thing
 14868 | D:11     | Banished a red ugly thing
 14868 | D:11     | Reached skill level 5 in Fighting
 15123 | D:11     | Found Ameimimm's Armour Emporium.
 15124 | D:11     | Noticed a hill giant
 15655 | D:11     | Reached skill level 13 in Unarmed Combat
 15658 | D:11     | Shot with a poisoned arrow by a centaur

Vault maps used:
D:1:      saegor_arrival_simple_d
D:2:      ecumenical_altar_1
D:3:      grunt_dithmenos_smoke_and_mirrors, uniq_jessica
D:4:      led_sif_book, minitemple, nicolae_ru_the_path_less_chosen,
          minmay_temple_entry_glass, trog_butcher_becter
D:5:      kiku_gazebo_garden_becter, serial_shops, shop, first_bread
D:6:      marbit_many_paths, grunt_temple_overflow_opulence,
          portal_sewer_entry_d
D:7:      nicolae_overflow_hidden_temple
D:8:      serial_shops, nicolae_shop_stone
D:9:      lemuel_coloured_pillars_altar, grunt_pakellas_salt
D:10:     david_nohive_1
D:11:     grunt_lair_entry_orc_guard_hut, orc_david_3, uniq_fannar, uniq_snorg
Sewer:    sewer_co_cracked_pipes

Action                   |  1- 3 |  4- 6 |  7- 9 | 10-12 || total
-------------------------+-------+-------+-------+-------++-------
Melee: Hand axe          |   134 |   232 |   322 |       ||   688
       Unarmed           |       |       |   311 |   343 ||   654
Throw: Javelin           |       |    38 |       |     8 ||    46
Invok: Banish            |       |     1 |       |     8 ||     9
 Abil: Breathe Fire      |       |       |    12 |    23 ||    35
  Use: Scroll            |       |       |    10 |     2 ||    12
       Potion            |       |       |     2 |     4 ||     6
 Stab: Sleeping          |     1 |     1 |     3 |       ||     5
       Distracted        |       |       |       |     1 ||     1
  Eat: Chunk             |     1 |     7 |    15 |    16 ||    39
       Meat ration       |       |     1 |     1 |     2 ||     4
       Beef jerky        |       |     1 |     1 |       ||     2
       Royal jelly       |       |       |       |     1 ||     1
